 Dungeon Crawl Stone Soup version 0.18.1-8-gdd0e5ea (webtiles) character file.

6974 GFox the Nimble (level 10, -10/91 HPs)
             Began as a Minotaur Chaos Knight on May 23, 2016.
             Mangled by an ice devil (24 damage)
             ... summoned by Xom
             ... on level 9 of the Dungeon on May 24, 2016.
             The game lasted 01:28:38 (7396 turns).

GFox the Nimble (Minotaur Chaos Knight)             Turns: 7396, Time: 01:28:42

Health: -10/91     AC: 11    Str: 22    XL:     10   Next: 81%
Magic:  9/9        EV: 15    Int:  9    God:    Xom [..*...]
Gold:   2304       SH:  0    Dex: 16    Spells: 0 memorised, 9 levels left

rFire  . . .     SeeInvis .     a - +2 hand axe (chaos)
rCold  x . .     Gourm    .     i - +3 leather armour
rNeg   + . .     Faith    .     p - +0 large shield of Iclofanai {rC- rN+ Dex+4}
rPois  +         Spirit   .     (helmet restricted)
rElec  .         Dismiss  .     o - +0 cloak
rCorr  .         Reflect  +     (no gloves)
SustAt .         Harm     .     (no boots)
MR     .....                    y - +3 amulet of reflection
Stlth  +.........               f - ring of poison resistance
                                m - +3 ring of dexterity

@: confused, weakened, not resistant to hostile enchantments, very unstealthy
A: retaliatory headbutt, horns 2, rough black scales 1, blurry vision 2, strong
1, wild magic 1
a: Renounce Religion


You were on level 9 of the Dungeon.
You worshipped Xom.
You were a toy of Xom.
You were not hungry.

You visited 1 branch of the dungeon, and saw 9 of its levels.
You also visited: Ossuary.

You collected 2304 gold pieces.

Inventory:

Hand Weapons
 a - a +2 hand axe of chaos (weapon)
Armour
 i - a +3 leather armour (worn)
 o - a +0 cloak (worn)
 p - the +0 large shield of Iclofanai (worn) {rC- rN+ Dex+4}
   (You found it on level 8 of the Dungeon)

   It affects your dexterity (+4).
   It makes you vulnerable to cold.
   It protects you from negative energy.
Rods
 h - a +1 iron rod (14/14)
   (You found it on level 3 of the Dungeon)
 s - a +0 rod of ignition (13/13)
   (Xom gifted it to you on level 9 of the Dungeon)
Jewellery
 e - an uncursed ring of resist corrosion
 f - a ring of poison resistance (right hand)
 m - a +3 ring of dexterity (left hand)
 y - a +3 amulet of reflection (around neck)
Wands
 j - a wand of heal wounds (1/9)
 A - a wand of flame (24/48)
Scrolls
 b - a scroll of fear
 d - 2 scrolls of blinking
 n - 3 scrolls of identify
 r - a scroll of teleportation
 u - 4 scrolls of remove curse
 w - 3 scrolls of enchant armour
 x - a scroll of holy word
Potions
 g - 3 potions of lignification
 k - 2 potions of might
 q - a potion of flight
 t - a potion of curing
 z - a potion of ambrosia
Comestibles
 c - 10 bread rations
 l - a slice of pizza
 v - 5 chunks of flesh


   Skills:
 + Level 9.1 Fighting
 + Level 10.1 Axes
 + Level 5.2 Armour
 + Level 10.8 Dodging
 + Level 5.2 Stealth
 + Level 4.0 Shields
 + Level 1.5 Unarmed Combat
 + Level 0.5 Evocations


You had 9 spell levels left.
You didn't know any spells.

Dungeon Overview and Level Annotations

Branches:
Dungeon (9/15)             Temple (0/1) D:5
   Lair: D:8-11         Orc: D:9-12

Altars:
Ashenzari
Cheibriados
Pakellas
Qazlal
Ru
Xom
Yredelemnul
Zin
The Shining One


Innate Abilities, Weirdness & Mutations

You reflexively headbutt those who attack you in melee.
You have a pair of horns on your head.
You are partially covered in rough black scales (AC +4, Dex -1).
Scrolls take you longer to read.
Your muscles are strong. (Str +2)
Your spells are a little harder to cast, but a little more powerful.


Message History

Press: ? - help, Shift-Dir - straight line, f - you Nothing appears to happen.
This wand has 2 charges left.
The phantom seems less confused.
The ice devil misses you.
The white imp shouts, "Flee, thou puny spur-galled minnow reeky!"
The white imp completely misses you.
A sky beast appears from thin air!
Reactivating autopickup.
The sky beast closely misses you.
You hear some strange, mumbled words.
Deactivating autopickup; reactivate with Ctrl-A.
You are more confused.
Zapping:
j - a wand of heal wounds (2/9)
Press: ? - help, Shift-Dir - straight line, f - you This wand has 1 charge left.
The white imp gestures at you. The puff of frost misses you.
Something barely misses you. The ice devil hits you.
* * * LOW HITPOINT WARNING * * *
The ice devil freezes you!!
You feel a terrible chill!
You die...
Xom is highly amused!

#..)......................
#.......................))
#.......................))
#........................(
#)........................
#.........................
#....................(....
#.......{45...............
#.......5@................
#.......5)Y...............
#.........W...............
#.........................
#................ ........
................ ........
############### #######


You could see an ice devil, a phantom, a sky beast, an iron imp and 2 white
imps.

Vanquished Creatures
  Erolcha (D:8)
  The ghost of Jerry the Basher, a novice DsFi of Ashenzari (D:8)
  Prince Ribbit (D:5)
  Grinder (D:5)
  Sigmund (D:3)
  Eustachio (D:5)
  A spriggan (D:9)
  2 wyverns (D:8)
  Grum (D:9)
  A hippogriff (D:7)
  A steam dragon (shapeshifter) (D:8)
  A spatial vortex (D:9)
  Edmund (D:5)
  4 ice beasts
  2 sky beasts
  An orc warrior (D:9)
  2 phantoms
  An eye of draining (D:9)
  2 ogres
  3 wolves (D:9)
  4 centaurs
  3 elf zombies (Ossuary)
  Blork the orc (D:6)
  6 giant frogs
  3 scorpions
  5 wights (D:9)
  8 crimson imps
  A giant frog skeleton (D:9)
  3 orc priests
  5 centaur zombies (Ossuary)
  A giant frog zombie (D:9)
  3 hounds
  3 jellies
  4 human zombies (Ossuary)
  Crazy Yiuf (D:3)
  A centaur skeleton (D:6)
  2 orc wizards (D:9)
  3 iguanas
  5 worker ants
  A killer bee zombie (D:9)
  3 mummies (Ossuary)
  A worker ant zombie (D:5)
  3 gnolls (D:6)
  A river rat (shapeshifter) (D:1)
  12 adders
  2 shadow imps
  2 oozes (D:2)
  An adder skeleton (D:9)
  4 worms
  4 dart slugs
  2 giant geckos
  20 orcs
  6 giant cockroaches
  6 goblins
  7 hobgoblins
  7 jackals
  11 kobolds
  2 quokkas
  5 bats
  2 giant gecko skeletons
  6 giant newts
  A jackal zombie (D:5)
  8 rats
  A withered plant (D:2)
209 creatures vanquished.

Vanquished Creatures (collateral kills)
  An adder (D:5)
1 creature vanquished.

Vanquished Creatures (others)
  4 orcs (D:9)
4 creatures vanquished.

Grand Total: 214 creatures vanquished

Notes
Turn   | Place    | Note
--------------------------------------------------------------
     0 | D:1      | GFox the Minotaur Chaos Knight began the quest for the Orb.
     0 | D:1      | Reached XP level 1. HP: 19/19 MP: 0/0
    10 | D:1      | Reached XP level 2. HP: 27/27 MP: 1/1
    21 | D:1      | Gained mutation: You are partially covered in rough black scales (AC +4, Dex -1). [mutagenic meat]
    22 | D:1      | Gained mutation: Your muscles are strong. (Str +2) [mutagenic meat]
    23 | D:1      | Gained mutation: Your spells are a little harder to cast, but a little more powerful. [mutagenic meat]
    24 | D:1      | Gained mutation: Scrolls take you a little longer to read. [mutagenic meat]
   288 | D:1      | Reached XP level 3. HP: 32/34 MP: 2/2
   389 | D:1      | XOM: divination: detect items
   868 | D:2      | XOM: harmless Erth miscast
   983 | D:2      | Found a sacrificial altar of Ru.
  1008 | D:2      | XOM: harmless Hex miscast
  1045 | D:2      | Found a basalt altar of Yredelemnul.
  1051 | D:2      | XOM: 1-stop teleportation journey
  1057 | D:2      | Reached XP level 4. HP: 35/41 MP: 3/3
  1248 | D:2      | XOM: harmless Conj miscast
  1553 | D:3      | Found a shattered altar of Ashenzari.
  1599 | D:3      | Reached skill level 5 in Fighting
  1654 | D:3      | Reached XP level 5. HP: 44/48 MP: 4/4
  1699 | D:3      | XOM: scenery: create altars
  1737 | D:3      | XOM: vitrification
  1744 | D:3      | Noticed Sigmund
  1746 | D:3      | Reached skill level 5 in Axes
  1809 | D:3      | HP: 3/72 [something (5)]
  1841 | D:3      | Killed Sigmund
  1841 | D:3      | Reached XP level 6. HP: 47/56 MP: 5/5
  1986 | D:3      | XOM: vitrification
  2061 | D:3      | Noticed Crazy Yiuf
  2070 | D:3      | Killed Crazy Yiuf
  2126 | D:3      | XOM: harmless Divn miscast
  2152 | D:4      | XOM: divination: magic mapping
  2304 | D:4      | XOM: mild Hex miscast
  2386 | D:4      | Reached XP level 7. HP: 60/62 MP: 6/6
  2388 | D:4      | XOM: god gift: potion of might
  2427 | D:4      | XOM: cast spell 'Spider Form'
  2429 | D:4      | Reached skill level 5 in Dodging
  2549 | D:4      | XOM: god gift: mace {god gift}
  2629 | D:4      | XOM: god gift: scroll labeled IGUDYUMU AKUCLOOH
  2662 | D:5      | Entered Level 5 of the Dungeon
  2727 | D:5      | Reached skill level 1 in Stealth
  2733 | D:5      | Found a stormy altar of Qazlal.
  2759 | D:5      | Noticed Grinder
  2774 | D:5      | XOM: divination: detect creatures
  2784 | D:5      | XOM: confuse monster(s)
  2788 | D:5      | Paralysed by Grinder for 6 turns
  2792 | D:5      | XOM: summons friendly white imp
  2824 | D:5      | XOM: enchant monster (good)
  2827 | D:5      | Killed Grinder
  2877 | D:5      | XOM: medium Air miscast
  2969 | D:5      | Found a staircase to the Ecumenical Temple.
  3025 | D:5      | Found a sand-covered staircase.
  3029 | Ossuary  | Entered an ossuary
  3134 | Ossuary  | XOM: scenery: 1 doors close
  3140 | Ossuary  | XOM: blink monster(s)
  3153 | Ossuary  | Reached XP level 8. HP: 41/71 MP: 7/7
  3385 | Ossuary  | XOM: mild Pois miscast
  3395 | Ossuary  | XOM: blink monster(s)
  3494 | Ossuary  | XOM: cast spell 'Hydra Form'
  3509 | D:5      | Noticed Eustachio
  3519 | D:5      | Killed Eustachio
  3533 | D:5      | XOM: summons friendly hellwing
  3540 | D:5      | Noticed Edmund
  3545 | D:5      | Killed Edmund
  3583 | D:5      | Noticed Prince Ribbit
  3590 | D:5      | Killed Prince Ribbit
  3590 | D:5      | Reached skill level 1 in Unarmed Combat
  3590 | D:5      | Reached XP level 9. HP: 76/79 MP: 8/8
  3844 | D:6      | XOM: scenery: create altars
  3953 | D:6      | XOM: god gift: 2000 gold pieces
  4010 | D:6      | XOM: vitrification
  4148 | D:6      | XOM: scenery: create altars
  4315 | D:6      | Reached skill level 1 in Shields
  4409 | D:6      | Noticed Blork the orc
  4424 | D:6      | Killed Blork the orc
  4892 | D:7      | XOM: silly message
  5095 | D:7      | XOM: mild Chrm miscast
  5379 | D:7      | XOM: harmless Pois miscast
  5501 | D:7      | Found a glowing silver altar of Zin.
  5574 | D:8      | Noticed Erolcha
  5588 | D:8      | Killed Erolcha
  5588 | D:8      | Reached skill level 5 in Armour
  5661 | D:8      | Reached XP level 10. HP: 50/89 MP: 9/9
  6094 | D:8      | Noticed Jerry's ghost (novice DsFi)
  6106 | D:8      | XOM: potion effect (brilliance)
  6116 | D:8      | Killed Jerry's ghost
  6116 | D:8      | Reached skill level 10 in Dodging
  6141 | D:8      | Found an oddly glowing altar of Pakellas.
  6259 | D:8      | Found a glowing golden altar of the Shining One.
  6398 | D:8      | XOM: chaos cloud
  6401 | D:8      | XOM: enchant monster (bad)
  6449 | D:8      | Got an ichor-stained large shield
  6460 | D:8      | Identified the cursed +0 large shield of Iclofanai {rC- rN+ Dex+4} (You found it on level 8 of the Dungeon)
  6561 | D:9      | XOM: confusion (+ monsters)
  6623 | D:9      | XOM: god gift: knobbly jewelled rod {god gift}
  6631 | D:9      | Identified a +0 rod of ignition (13/13) (Xom gifted it to you on level 9 of the Dungeon)
  6665 | D:9      | Reached skill level 10 in Axes
  6693 | D:9      | Noticed Grum
  6693 | D:9      | XOM: potion effect (invisibility)
  6696 | D:9      | XOM: enchant monster (bad)
  6709 | D:9      | XOM: mild Tloc miscast
  6722 | D:9      | Killed Grum
  6730 | D:9      | Reached skill level 5 in Stealth
  6795 | D:9      | XOM: torment (24/91 hp)
  6800 | D:9      | Found a snail-covered altar of Cheibriados.
  6800 | D:9      | XOM: 3-stop teleportation journey
  6864 | D:9      | XOM: medium Fire miscast
  6948 | D:9      | XOM: medium Tloc miscast
  7219 | D:9      | XOM: medium Necr miscast
  7372 | D:9      | XOM: give mutation
  7372 | D:9      | Gained mutation: Scrolls take you longer to read. [Xom's mischief]
  7381 | D:9      | XOM: summons 5 hostile demons
  7382 | D:9      | Noticed an orange demon
  7396 | D:9      | Mangled by an ice devil

Skill      XL: |  1  2  3  4  5  6  7  8  9 10 |
---------------+-------------------------------+-----
Axes           | 4 5 6 7 9 10 | 10.1
Fighting       | 4 5 6 7 8 9 |  9.1
Dodging        | 2 4 6 7 9 10 | 10.8
Armour         | 3 4 5 |  5.2
Stealth        | 2 3 5 |  5.2
Unarmed Combat | 1 |  1.5
Shields        | 2 4 |  4.0
Evocations     | |  0.5

Action                   |  1- 3 |  4- 6 |  7- 9 | 10-12 || total
-------------------------+-------+-------+-------+-------++-------
Melee: Hand axe          |    72 |   133 |   313 |   200 ||   718
       Headbutt          |    14 |    19 |    63 |    63 ||   159
       Unarmed           |       |       |    19 |       ||    19
Evoke: Rod               |       |     2 |       |       ||     2
       Wand              |       |       |       |     7 ||     7
  Use: Scroll            |     2 |     4 |    15 |     4 ||    25
       Potion            |     1 |     6 |     9 |     2 ||    18
 Stab: Petrifying        |       |     1 |     1 |     4 ||     6
       Paralysed         |       |       |     7 |       ||     7
       Confused          |       |       |     1 |     4 ||     5
       Distracted        |       |       |     2 |     1 ||     3
       Sleeping          |       |       |     2 |     3 ||     5
       Invisible         |       |       |       |     8 ||     8
       Petrified         |       |       |       |     2 ||     2
  Eat: Chunk             |     4 |     7 |     5 |     2 ||    18
       Beef jerky        |       |       |     2 |       ||     2
       Bread ration      |       |       |       |     1 ||     1
Armor: Leather armour    |    38 |    53 |   125 |    44 ||   260
       Skin              |       |    23 |     9 |       ||    32
Dodge: Dodged            |    47 |    67 |   199 |   114 ||   427
Block: Buckler           |       |       |    29 |    14 ||    43
       Large shield      |       |       |       |   115 ||   115
       Reflection        |       |       |       |    10 ||    10
